 Dungeon Crawl Stone Soup version 0.25-a0-1024-gbfbf38f2cb (webtiles) character file.

Game seed: 15522686053473990972, levelgen mode: deterministic

138 Flugslaktarn the Shield-Bearer (level 5, -1/37 HPs)
             Began as an Octopode Fighter on May 12, 2020.
             Killed by divine providence
             ... invoked by an orc priest
              (13 damage)
             ... on level 3 of the Dungeon.
             The game lasted 00:01:29 (2390 turns).

Flugslaktarn the Shield-Bearer (Octopode Fighter)   Turns: 2390, Time: 00:01:30

Health: -1/37      AC:  4    Str: 16    XL:     5   Next: 21%
Magic:  5/5        EV: 12    Int: 16    God:
Gold:   60         SH: 10    Dex: 12    Spells: 4/4 levels left

rFire    . . .     SeeInvis .   a - +0 war axe
rCold    . . .     Gourm    .   b - +1 kite shield
rNeg     . . .     Faith    .   (helmet restricted)
rPois    +         Spirit   .   (no amulet)
rElec    .         Reflect  .   p - +3 ring of protection
rCorr    .         Harm     .   o - ring of poison resistance
MR       .....                  h - +6 ring of intelligence
Stlth    ++........             (no ring)
HPRegen  0.12/turn              (no ring)
MPRegen  0.09/turn              (no ring)
                                (no ring)
                                (no ring)

@: no status effects
A: almost no armour, stealthy swim, amphibious, 8 rings, constrict 8, camouflage
1, gelatinous body 1
a: no special abilities


You were on level 3 of the Dungeon.
You were not hungry.

You visited 1 branch of the dungeon, and saw 3 of its levels.

You collected 60 gold pieces.

Inventory:

Hand Weapons
 a - a +0 war axe (weapon)
Armour
 b - a +1 kite shield (worn)
Jewellery
 h - a +6 ring of intelligence (on tentacle)
   (You found it on level 1 of the Dungeon)
 o - a ring of poison resistance (right tentacle)
   (You found it on level 2 of the Dungeon)
 p - a +3 ring of protection (left tentacle)
   (You took it off a goblin on level 2 of the Dungeon)
Wands
 g - a wand of acid (8)
   (You found it on level 3 of the Dungeon)
Scrolls
 r - a scroll of identify
 t - a scroll of teleportation
Potions
 d - 3 potions of might
 e - a potion of resistance {unknown}
 i - a potion of ambrosia
 j - a potion of mutation
 k - a potion of cancellation {unknown}
 q - 2 potions of curing
Comestibles
 c - 7 rations
 f - 6 chunks of flesh


   Skills:
 + Level 3.6 Fighting
 * Level 3.6 Axes
 + Level 3.6 Dodging
 + Level 3.7 Shields


You had 4 spell levels left.
You didn't know any spells.
Your spell library was empty.

Dungeon Overview and Level Annotations

Branches:
Dungeon (3/15)

Altars:
Ashenzari
Dithmenos
Trog
Wu Jian
Xom


Innate Abilities, Weirdness & Mutations

You cannot wear most types of armour.
You are very stealthy in the water. (Stealth+)
You are amphibious.
You can wear up to eight rings at the same time.
You can use your tentacles to constrict eight enemies at once.
Your skin changes colour to match your surroundings (Stealth+).
Your rubbery body absorbs attacks. (AC +1, EV +1)


Message History

The weapon returns to the orc!
You hit the orc.
You kill the orc!
The orc priest looks satisfied for a moment.
You closely miss the orc. You grab the orc. You closely miss the orc.
You constrict the orc. You block the orc's attack. The orc barely misses you.
Your shield prevents you from hitting the orc.
You squeeze the orc.
You kill the orc!
You hit the orc. The orc priest closely misses you.
The orc hits you with a +0 war axe! The orc priest misses you.
You closely miss the orc. You grab the orc.
The orc is heavily wounded.
You constrict the orc. You block the orc's attack.
You block the orc priest's attack.
You hit the orc.
You kill the orc!
The orc priest invokes the aid of Beogh against you.
Beogh smites you!
You die...

###...#... #.........
#.#....... #.##.)....
#......... #..#......
#..#......
##############..#.÷....
#...o)@................
#.####)###.##.#........
#..##.##.#.####..#
##...÷......# #...
#...........# ...
#..####......# ...
#....# #.###...#...
#.##.= ... ..... . #
.._.# #.###.


You could see an orc priest.

Vanquished Creatures
  Robin (D:2)
  3 adders
  An ooze (D:3)
  A dart slug (D:1)
  A leopard gecko (D:2)
  5 orcs (D:3)
  A ball python (D:1)
  6 giant cockroaches
  20 goblins
  4 hobgoblins
  6 jackals
  A quokka (D:2)
  6 bats
  3 frilled lizards
  9 kobolds
  15 rats
  A butterfly (D:3)
84 creatures vanquished.

Notes
Turn   | Place    | Note
-------+----------+-------------------------------------------
     0 | D:1      | Flugslaktarn the Octopode Fighter began the quest for the
                  | Orb.
     0 | D:1      | Reached XP level 1. HP: 16/16 MP: 1/1
   111 | D:1      | Reached XP level 2. HP: 15/21 MP: 2/2
   743 | D:1      | Reached XP level 3. HP: 26/26 MP: 3/3
  1226 | D:2      | Found a shadowy altar of Dithmenos.
  1226 | D:2      | Found an ornate altar of the Wu Jian Council.
  1228 | D:2      | Found a shattered altar of Ashenzari.
  1355 | D:2      | Reached XP level 4. HP: 29/31 MP: 4/4
  1397 | D:2      | Noticed Robin
  1405 | D:2      | Killed Robin
  2130 | D:3      | Found a shimmering altar of Xom.
  2302 | D:3      | Reached XP level 5. HP: 36/36 MP: 5/5
  2362 | D:3      | Found a bloodstained altar of Trog.
  2390 | D:3      | Killed from afar by an orc priest

Illustrated notes

Levels and vault maps discovered:
D:1:      dpeg_arrival_stonehenge_8_columns, layout_basic
D:2:      layout_loops_cross, gammafunk_temple_overflow_forgotten,
          kennysheep_generic_room_8, uniq_robin
D:3:      layout_loops_ring, xom_butterflies, first_ration, grunt_ministairs_6,
          minmay_misc_feat_hallway, trog_three_pillars_becter

Skill      XL: |  1  2  3 |
---------------+----------+-----
Axes           | 3 |  3.6
Fighting       | |  3.6
Dodging        | |  3.6
Shields        | |  3.7

Action                   |  1- 3 |  4- 6 || total
-------------------------+-------+-------++-------
Melee: War axe           |    69 |    61 ||   130
       Constrict         |    23 |    15 ||    38
       Tentacles         |    11 |     8 ||    19
  Use: Scroll            |       |     7 ||     7
 Stab: Sleeping          |     4 |     4 ||     8
  Eat: Chunk             |     1 |     4 ||     5
Armor: Skin              |     6 |     4 ||    10
Dodge: Dodged            |    27 |    33 ||    60
Block: Kite shield       |    33 |    32 ||    65

Table legend:
 A = Non-vault XP
 B = Vault XP
 C = Vault XP percentage of total XP
 D = Non-vault monster count
 E = Vault monster count
 F = Vault count percentage of total count
                 A         B        C        D         E       F
            +---------+---------+-------+---------+---------+-------
      Total |     157 |      41 |  20.7 |      69 |      14 |  16.9
            +---------+---------+-------+---------+---------+-------
        D:1 |      35 |       0 |   0.0 |      22 |       0 |   0.0
        D:2 |      63 |      37 |  37.0 |      25 |      12 |  32.4
        D:3 |      59 |       4 |   6.3 |      22 |       2 |   8.3
            +---------+---------+-------+---------+---------+-------
